 Dungeon Crawl Stone Soup version 0.16.1-12-gf5c4a84 (webtiles) character file.

84 jacksonaction the Bolt Thrower (level 4, 0/36 HPs)
             Began as a Centaur Hunter on Apr 10, 2015.
             Slain by an orc priest
             ... wielding a +0 trident
              (4 damage)
             ... on level 3 of the Dungeon.
             The game lasted 00:09:47 (1371 turns).

jacksonaction the Bolt Thrower (Centaur Hunter)     Turns: 1371, Time: 00:09:47

Health: 0/36       AC:  7    Str: 14    XL:     4   Next: 23%
Magic:  3/3        EV:  9    Int: 10    God:
Gold:   96         SH:  0    Dex: 11    Spells: 0 memorised, 3 levels left

rFire  . . .     SeeInvis .     a - +0 short sword
rCold  . . .     Clarity  .     d - +0 leather armour
rNeg   . . .     SustAb   .     (no shield)
rPois  .         Gourm    .     (no helmet)
rElec  .         Spirit   .     o - +2 cloak
rCorr  .         Warding  .     (no gloves)
rMut   .         Stasis   .     (no barding)
MR     .....                    (no amulet)
Stlth  +.........               (no ring)
                                (no ring)

@: very quick, not resistant to hostile enchantments, very unstealthy
A: hooves 3, deformed body, speed 2, tough skin 3
a: no special abilities


You were on level 3 of the Dungeon.
You were not hungry.

You visited 1 branch of the dungeon, and saw 3 of its levels.

You collected 96 gold pieces.

Inventory:

Hand weapons
 a - a +0 short sword (weapon)
 b - a +1 hand crossbow
Missiles
 g - 72 stones (quivered)
 m - 18 arrows
 p - 5 needles of sleeping
Armour
 d - a +0 leather armour (worn)
 o - a +2 cloak (worn)
Jewellery
 h - a cursed ring of loudness {unknown}
Scrolls
 j - 4 scrolls of identify {unknown}
 k - a scroll of recharging {unknown}
 n - a scroll of random uselessness {unknown}
Potions
 e - a potion of heal wounds {unknown}
 i - 2 potions of restore abilities {unknown}
 l - a potion of resistance {unknown}
 q - a potion of brilliance {unknown}
 s - a potion of flight {unknown}
Comestibles
 f - 2 bread rations
 r - a chunk of flesh


   Skills:
 - Level 2.0 Fighting
 + Level 6.3 Crossbows
 - Level 1.3 Dodging
 - Level 0.5 Stealth


You had 3 spell levels left.
You didn't know any spells.

Dungeon Overview and Level Annotations

Branches:
Dungeon (3/15)

Altars:
Zin


Innate Abilities, Weirdness & Mutations

You have hooves in place of feet.
Armour fits poorly on your strangely shaped body.
You cover ground very quickly.
You have extremely tough skin (AC +3).


Message History

You throw a stone. The stone hits the orc priest.
The orc priest is heavily wounded.
The orc priest calls down the wrath of Beogh upon you.
Pain shoots through your body!
Wield which item (- for none, * to show all)? (? for menu, Esc to quit)
a - a +0 short sword (weapon)
The orc priest mumbles some strange prayers to Beogh against you.
You barely resist.
The orc priest calls down the wrath of Beogh upon you.
Something smites you!
* * * LOW HITPOINT WARNING * * *
You closely miss the orc priest.
You kick the orc priest, but do no damage.
The orc priest is heavily wounded.
The orc priest hits you but does no damage.
You barely miss the orc priest.
You kick the orc priest, but do no damage.
The orc priest is heavily wounded.
The orc priest hits you with a trident.
You die...

..# #.# #.# ..#
+.+ #.# .....
#.####.##+#.#
...##
#...........# .#..
#.####.##'#.# ###
#.#..#.# ..
+.'..#.# . .
#.####.####o#..>..
#........@ooo((...
#############.....
.


You could see an orc priest and 3 orcs.

Vanquished Creatures
  2 adders (D:2)
  3 worms
  A giant gecko (D:2)
  2 orcs (D:3)
  A ball python (D:1)
  3 bats
  4 giant cockroaches
  8 goblins
  5 hobgoblins
  3 kobolds
  A giant newt (D:1)
  3 jackals (D:1)
  6 rats
42 creatures vanquished.

Notes
Turn   | Place    | Note
--------------------------------------------------------------
     0 | D:1      | jacksonaction, the Centaur Hunter, began the quest for the Orb.
     0 | D:1      | Reached XP level 1. HP: 17/17 MP: 1/1
   161 | D:1      | Reached XP level 2. HP: 24/24 MP: 2/2
   181 | D:1      | Reached skill level 5 in Crossbows
   536 | D:2      | Reached XP level 3. HP: 27/29 MP: 3/3
   786 | D:2      | Reached skill level 6 in Crossbows
   908 | D:2      | Found a glowing silver altar of Zin.
  1113 | D:3      | Reached XP level 4. HP: 18/36 MP: 3/3
  1371 | D:3      | Slain by an orc priest

Action                   |  1- 3 |  4- 6 || total
-------------------------+-------+-------++-------
Melee: Short sword       |    27 |    13 ||    40
 Fire: Hand crossbow     |    86 |     7 ||    93
Throw: Stone             |       |    10 ||    10
  Eat: Chunk             |       |     1 ||     1
